 Dungeon Crawl Stone Soup version 0.30-a0-51-g784eafce7f (webtiles) character file.

Game seed: 13051563227861641511

393 Newt the Trooper (level 6, -7/48 HPs)
             Began as a Demonspawn Gladiator on Sept 5, 2022.
             Was an Initiate of Gozag.
             Mangled by a wraith (11 damage)
             ... on level 5 of the Dungeon.
             The game lasted 00:05:53 (4914 turns).

Newt the Trooper (Demonspawn Gladiator)             Turns: 4914, Time: 00:05:54

Health: -7/48      AC: 11    Str: 16    XL:     6   Next: 51%
Magic:  6/6        EV: 13    Int: 10    God:    Gozag
Gold:   148        SH:  0    Dex: 14    Spells: 5/5 levels left

rFire   . . .      SeeInvis .    a - +1 rapier
rCold   + . .      Faith    .    (no shield)
rNeg    . . .      Spirit   .    b - +0 leather armour
rPois   .          Reflect  .    c - +1 helmet
rElec   .          Harm     .    (no cloak)
rCorr   .          Rampage  .    (no gloves)
Will    .....                    (no boots)
Stlth   ++........               (no amulet)
HPRegen 0.16/turn                j - ring of protection from cold
MPRegen 0.10/turn                k - +4 ring of protection

@: slowed, very slow
A: slimy green scales 1, demonic guardian 2
a: Renounce Religion, Potion Petition, Call Merchant, Bribe Branch


You were on level 5 of the Dungeon.
You worshipped Gozag.
Gozag was aware of your devotion.
You visited 1 branch of the dungeon, and saw 5 of its levels.

You collected 336 gold pieces.
You spent 99 gold pieces at shops.
You paid 89 gold pieces to Gozag.

Inventory:

Hand Weapons
 a - a +1 rapier (weapon)
Missiles
 d - a throwing net (quivered)
 i - 12 atropa-tipped darts
Armour
 b - a +0 leather armour (worn)
 c - a +1 helmet (worn)
 r - a +0 chain mail
Jewellery
 j - a ring of protection from cold (left hand)
 k - a +4 ring of protection (right hand)
Scrolls
 h - a scroll of identify
 l - a scroll of teleportation
 n - a scroll of fog
 o - a scroll of immolation
Potions
 f - 3 potions of attraction
 g - 2 potions of curing
 m - 2 potions of degeneration
 p - a potion of resistance
 q - a potion of flight


   Skills:
 - Level 4.0 Fighting
 - Level 4.0 Short Blades
 + Level 2.9 Throwing
 - Level 4.0 Dodging
 - Level 2.0 Stealth


You had 5 spell levels left.
You didn't know any spells.
Your spell library contained the following spells:

 Spells                   Type           Power      Damage    Failure   Level
 Magic Dart               Conj           0%         1d3       43%         1
 Gell's Gravitas          Tloc           0%         N/A       80%         3
 Lesser Beckoning         Tloc           0%         N/A       80%         3
 Teleport Other           Tloc           0%         N/A       80%         3
 Sticky Flame             Conj/Fire      0%         2d3       99%         4
 Conjure Ball Lightning   Conj/Air       0%         3x3d6     100%        6


Dungeon Overview and Level Annotations

Branches:
Dungeon (5/15)             Temple (0/1) D:4

Altars:
Fedhas
Gozag

Shops:
D:1 (   D:4 *[[


Innate Abilities, Weirdness & Mutations

You are partially covered in slimy green scales. (AC +2)
A demonic guardian rushes to your aid.


Message History

Press: ? - help, Q - select action, (/) - cycle Shift-Dir - straight line, f/p - wraith
Aim: a wraith (lightly damaged, 62% to hit, immune to nets)
You throw a throwing net. The throwing net hits the wraith.
The net passes right through the wraith!
The wraith is lightly damaged.
The wraith hits you.
A demonic guardian appears!
Unknown command.
Throw: 3 throwing nets
Press: ? - help, Q - select action, (/) - cycle Shift-Dir - straight line, f/p - wraith
Aim: a wraith (lightly damaged, ally target, 62% to hit, immune to nets)
You throw a throwing net.
The throwing net completely misses the wraith.
The wraith hits you but does no damage.
Your ice devil hits the wraith.
Your ice devil freezes the wraith!
The wraith resists.
The wraith closely misses you.
You hit the wraith.
The wraith is severely damaged.
Your ice devil hits the wraith.
Your ice devil freezes the wraith.
The wraith resists.
The wraith hits you.
* * * LOW HITPOINT WARNING * * *
The wraith drains your vigour!
You feel as though you will be slow longer.
Your ice devil barely misses the wraith.
You closely miss the wraith.
The wraith is almost destroyed.
The wraith hits you!
* * * LOW HITPOINT WARNING * * *
Your ice devil hits the wraith but does no damage.
The wraith hits you but does no damage.
Unknown command.
Throw: 2 throwing nets
Press: ? - help, Q - select action, (/) - cycle Shift-Dir - straight line, f/p - wraith
Aim: a wraith (almost destroyed, ally target, 62% to hit, immune to nets)
You throw a throwing net. The throwing net hits the wraith.
The net passes right through the wraith!
The wraith is almost destroyed.
Your ice devil closely misses the wraith.
The wraith hits you!
You die...
Your body crumbles into a pile of gold.

############
.........(.#
#....(..#
#..4W...##.
#..@.......#
#.<.....##.#
#.......#
#..)....#
...######
###.# #..
###


You could see a wraith (ally target) and a friendly ice devil (summoned).

Vanquished Creatures
  A jelly (D:4)
  Jessica (D:2)
  Natasha (thrice) (D:3)
  2 adders (D:3)
  An ufetubus (D:4)
  A worm (D:4)
  9 dart slugs
  4 orcs
  9 ball pythons
  10 endoplasms
  5 giant cockroaches
  7 goblins
  8 hobgoblins
  6 jackals
  6 kobolds
  3 quokkas
  6 bats
  3 frilled lizards
  10 rats
95 creatures vanquished.

Vanquished Creatures (collateral kills)
  A black bear (D:4)
  Terence (D:3)
  2 goblins (D:3)
  A rat (D:3)
5 creatures vanquished.

Grand Total: 100 creatures vanquished

Notes
Turn   | Place    | Note
-------+----------+-------------------------------------------
     0 | D:1      | Newt the Demonspawn Gladiator began the quest for the Orb.
     0 | D:1      | Reached XP level 1. HP: 16/16 MP: 1/1
   228 | D:1      | Reached skill level 1 in Stealth
   254 | D:1      | Gained mutation: You are partially covered in slimy green
                  | scales. (AC +2) [demonic ancestry]
   254 | D:1      | Reached XP level 2. HP: 22/22 MP: 2/2
   261 | D:1      | Got the Catalogue of Damage Dealing
   482 | D:1      | Found Neliasodgh's Weapon Boutique.
   497 | D:1      | Bought 6 atropa-tipped darts for 39 gold pieces
   899 | D:1      | Reached XP level 3. HP: 28/28 MP: 3/3
  1063 | D:2      | Noticed Jessica
  1075 | D:2      | Killed Jessica
  1301 | D:2      | Gained mutation: A weak demonic guardian rushes to your
                  | aid. [demonic ancestry]
  1301 | D:2      | Reached XP level 4. HP: 32/37 MP: 4/4
  2549 | D:3      | Reached XP level 5. HP: 33/42 MP: 5/5
  2723 | D:3      | Noticed Terence
  2744 | D:3      | Killed Terence
  3015 | D:3      | Noticed Natasha
  3028 | D:3      | Killed Natasha
  3081 | D:3      | Noticed Natasha
  3088 | D:3      | Killed Natasha
  3230 | D:3      | Noticed Natasha
  3238 | D:3      | Killed Natasha
  3384 | D:4      | Found Ihar's General Store.
  3393 | D:4      | Bought a scroll of identify for 20 gold pieces
  3393 | D:4      | Bought a scroll of identify for 20 gold pieces
  3393 | D:4      | Bought a scroll of identify for 20 gold pieces
  3566 | D:4      | Gained mutation: A demonic guardian rushes to your aid.
                  | [demonic ancestry]
  3566 | D:4      | Reached XP level 6. HP: 45/48 MP: 6/6
  3676 | D:4      | Found an opulent altar of Gozag.
  3689 | D:4      | Found a blossoming altar of Fedhas.
  3957 | D:4      | Became a worshipper of Gozag Ym Sagoz the Greedy
  4171 | D:4      | Found Wobug's Armour Shop.
  4180 | D:4      | Found Ezaih's Armour Emporium.
  4515 | D:4      | Found a staircase to the Ecumenical Temple.
  4898 | D:5      | Entered Level 5 of the Dungeon
  4898 | D:5      | Noticed a wraith
  4914 | D:5      | Mangled by a wraith

Illustrated notes

Levels and vault maps discovered:
D:1:      minmay_arrival_three_doors, layout_basic, serial_shops,
          nicolae_square_shop
D:2:      minmay_chambers_of_twos, layout_rooms, chequers_serial_rivers_small_3,
          kennysheep_big_empty_room, minmay_misc_feat_diagonals,
          kennysheep_potato, uniq_jessica
D:3:      minmay_razor_zed, layout_loops_ring, uniq_natasha, uniq_terence
D:4:      layout_layer_cave, chequers_temple_overflow_statue_of_worship,
          minmay_temple_entry_crystal_x, serial_shops, nicolae_shop_trees, shop,
          nicolae_diamond_shop, chequers_jeans, minivault_24
D:5:      layout_loops_ring, abandoned_shop

Skill      XL: |  1  2  3  4  5  6 |
---------------+-------------------+-----
Stealth        | 1 2 |  2.0
Fighting       | 3 4 |  4.0
Short Blades   | 3 4 |  4.0
Dodging        | 3 4 |  4.0
Throwing       | 2 |  2.9

Action                   |  1- 3 |  4- 6 || total
-------------------------+-------+-------++-------
Melee: Rapier            |    93 |   240 ||   333
       Punch             |     2 |     5 ||     7
Throw: Javelin           |       |     3 ||     3
       Throwing net      |       |     3 ||     3
  Use: Scroll            |     3 |     8 ||    11
 Stab: Sleeping          |     5 |     8 ||    13
Armor: Leather armour    |    31 |   104 ||   135
Dodge: Dodged            |    52 |   169 ||   221

Table legend: (Time is in decaauts)
 A = Elapsed time spent in this place.
 B = Non-inter-level travel time spent in this place.
 C = Inter-level travel time spent in this place.
 D = Time resting spent in this place.
 E = Time spent auto-exploring this place.
 F = Levels seen in this place.
 G = Mean time per level.
                   A        B        C        D        E       F      G
               +--------+--------+--------+--------+--------+-----+--------+
         Total |   4940 |   4793 |    147 |    311 |   3748 |   5 |  988.0 |
       Dungeon |   4940 |   4793 |    147 |    311 |   3748 |   5 |  988.0 |
               +--------+--------+--------+--------+--------+-----+--------+

Top non-repeatable levels by time:
     D:4: 1517 daAuts
     D:3: 1393 daAuts
     D:2: 1020 daAuts
     D:1: 989 daAuts
     D:5: 21 daAuts
